 Dungeon Crawl Stone Soup version 0.29.0-13-gc9e81de378 (webtiles) character file.

Game seed: 1893944180472414244

55 Doot the Magician (level 3, -9/21 HPs)
             Began as an Octopode Hedge Wizard on Sept 9, 2022.
             Mangled by a gnoll
             ... wielding a +0 halberd
              (13 damage)
             ... on level 4 of the Dungeon on Sept 10, 2022.
             The game lasted 00:04:34 (2158 turns).

Doot the Magician (Octopode Hedge Wizard)           Turns: 2158, Time: 00:04:36

Health: -9/21      AC:  1    Str: 15    XL:     3   Next: 93%
Magic:  2/8        EV: 13    Int: 18    God:
Gold:   99         SH:  0    Dex: 11    Spells: 2/10 levels left

rFire   . . .      SeeInvis .   a - +0 dagger
rCold   . . .      Faith    .   (no shield)
rNeg    . . .      Spirit   .   b - +0 hat
rPois   .          Reflect  .   (no amulet)
rElec   .          Harm     .   l - +6 ring of strength
rCorr   .          Rampage  .   (no ring)
Will    .....                   (no ring)
Stlth   +++.......              (no ring)
HPRegen 0.07/turn               (no ring)
MPRegen 0.11/turn               (no ring)
                                (no ring)
                                (no ring)

@: no status effects
A: almost no armour, amphibious, 8 rings, camouflage 1, gelatinous body 1,
(nimble swimmer 1), tentacles
a: no special abilities


You were on level 4 of the Dungeon.
You visited 1 branch of the dungeon, and saw 4 of its levels.

You collected 99 gold pieces.

Inventory:

Hand Weapons
 a - a +0 dagger (weapon)
Armour
 b - a +0 hat (worn)
Jewellery
 l - a +6 ring of strength (left tentacle)
Scrolls
 d - 2 scrolls of teleportation {unknown}
 g - 3 scrolls of noise {unknown}
 i - 2 scrolls of amnesia {unknown}
 j - 2 scrolls of identify {unknown}
 k - a scroll of fear {unknown}
Potions
 c - a potion of magic
 e - a potion of heal wounds {unknown}
 f - a potion of might {unknown}
 h - a potion of invisibility {unknown}


   Skills:
 + Level 0.2 Short Blades
 + Level 2.1 Dodging
 + Level 3.2 Stealth
 + Level 4.0 Spellcasting
 * Level 1.5 Conjurations
 + Level 1.0 Summonings
 + Level 1.0 Translocations


You had 2 spell levels left.
You knew the following spells:

 Your Spells              Type           Power      Damage    Failure   Level
a - Magic Dart            Conj           36%        1d4       8%          1
b - Blink                 Tloc           14%        N/A       14%         2
c - Call Imp              Summ           7%         N/A       14%         2
d - Stone Arrow           Conj/Erth      12%        3d7       32%         3

Your spell library contained the following spells:

 Spells                   Type           Power      Damage    Failure   Level
 Sandblast                Erth           6%         2d5       14%         1
 Slow                     Hex            12%        N/A       14%         1
 Passwall                 Tmut/Erth      2%         N/A       22%         2
 Conjure Flame            Conj/Fire      6%         6-21      32%         3
 Mephitic Cloud           Conj/Pois/Air  5%         N/A       34%         3


Dungeon Overview and Level Annotations

Branches:
Dungeon (4/15)
 Temple: D:4-7

Altars:
Cheibriados

Annotations:
D:3 1 runed translucent door, ababab's ghost, weakling FeEn


Innate Abilities, Weirdness & Mutations

You cannot wear most types of armour.
You are amphibious.
You can wear up to eight rings at the same time.
Your skin changes colour to match your surroundings (Stealth+).
Your rubbery body absorbs attacks. (AC +1, EV +1)
((You are camouflaged when in or above water. (Stealth+)))
You have tentacles for arms and can constrict up to eight enemies at once.


Message History

The magic dart hits the gnoll.
The gnoll is lightly wounded.
The gnoll shouts!
Unknown command.
You start resting.
A gnoll is nearby!
There is a stone staircase leading up here.
You start resting.
A gnoll is nearby!
Casting: Magic Dart (safe; 8% risk of failure)
Confirm with . or Enter, or press ? or * to list all spells.
The spell is astonishingly dangerous to miscast (32% risk of failure)!
Continue anyway?
Aiming: Stone Arrow (astonishingly dangerous; 32% risk of failure)
Press: ? - help, Shift-Dir - straight line, f/p - gnoll
Aim: a gnoll, wielding a +0 spear (69% to hit)
The stone arrow misses the gnoll.
Unknown command.
Casting: Stone Arrow (astonishingly dangerous; 32% risk of failure)
Confirm with . or Enter, or press ? or * to list all spells.
The spell is astonishingly dangerous to miscast (32% risk of failure)!
Continue anyway?
Aiming: Stone Arrow (astonishingly dangerous; 32% risk of failure)
Press: ? - help, Shift-Dir - straight line, f/p - gnoll
Aim: a gnoll, wielding a +0 spear (69% to hit)
The stone arrow hits the gnoll!
The gnoll is almost dead.
You hear a shout!
The gnoll hits you from afar with a +0 spear.
You hear a shout! 2 gnolls come into view.
The gnoll shouts!
The gnoll hits you with a +0 spear! The gnoll barely misses you.
A gnoll comes into view. It is wielding a +0 club.
The gnoll shouts!
You hit the gnoll but do no damage. You grab the gnoll.
The gnoll is almost dead.
You constrict the gnoll. The gnoll hits you with a +0 spear.
* * * LOW HITPOINT WARNING * * *
The gnoll hits you from afar with a +0 halberd!
Ouch! That really hurt!
You die...

.... ..>.
#..# #..#
####..#
#...#.#######
#.#.#..gg.g..
#...gg######.
###@#.#
+..<#.#
#####.# #.#
#.# #.# #+#


You could see 4 gnolls.

Vanquished Creatures
  2 adders
  2 orcs (D:3)
  3 bats
  An endoplasm (D:3)
  A giant cockroach (D:3)
  3 goblins
  5 hobgoblins (D:2)
  7 kobolds
  3 ball pythons
  3 rats
30 creatures vanquished.

Vanquished Creatures (others)
  2 plants (D:3)
2 creatures vanquished.

Grand Total: 32 creatures vanquished

Notes
Turn   | Place    | Note
-------+----------+-------------------------------------------
     0 | D:1      | Doot the Octopode Hedge Wizard began the quest for the Orb.
     0 | D:1      | Reached XP level 1. HP: 11/11 MP: 4/4
   248 | D:1      | Reached XP level 2. HP: 17/17 MP: 3/6
   251 | D:1      | Learned a level 2 spell: Blink
   254 | D:1      | Learned a level 2 spell: Call Imp
   850 | D:3      | Reached XP level 3. HP: 14/21 MP: 5/8
   879 | D:3      | Learned a level 3 spell: Stone Arrow
  1137 | D:3      | Found a runed translucent door.
  1140 | D:3      | Noticed ababab's ghost (weakling FeEn)
  1290 | D:3      | Found a snail-covered altar of Cheibriados.
  1624 | D:4      | Noticed a steam dragon
  2130 | D:4      | Reached skill level 4 in Spellcasting
  2158 | D:4      | Mangled by a gnoll

Illustrated notes

Levels and vault maps discovered:
D:1:      matt_arrival_los_fun, layout_loops_ring, minmay_distorted
D:2:      layout_basic, basic_altar
D:3:      layout_loops_corners, mainiacjoe_overflow_catwalk, fedhas_altar_1,
          serial_bayou, serial_bayou_crossing, serial_bayou_pond_b,
          serial_bayou_shore_a, serial_bayou_lagoon_b, ebering_ghost_sewer_d,
          chequers_serial_rivers_large_b, st_stairs_10
D:4:      layout_basic, bloody_makhleb

Skill      XL: |  1  2  3 |
---------------+----------+-----
Stealth        | 3 |  3.2
Spellcasting   | 4 |  4.0
Short Blades   | |  0.2
Dodging        | |  2.1
Conjurations   | |  1.5
Summonings     | |  1.0
Translocations | |  1.0

Action                   || total
-------------------------++-------
Melee: Dagger            ||    28
       Constrict         ||     8
       Tentacles         ||     8
 Cast: Magic Dart        ||    59
       Stone Arrow       ||     2
 Stab: Sleeping          ||     3
Dodge: Dodged            ||    13
